[ AOE2 MATCH · #487440177 ]
Team RMTurks vs Japanese
[ REPLAY ANALYSIS · EXTRACTED FROM THE RECORDED GAME ]
Feudal
11:08
Castle
15:03
Imperial
—
| APM avg | 27.7 |
| APM peak | 84 |
| eAPM avg | 13.9 |
| Villagers / military | 35 / 1 |
Focus
⚔️ 28.2% · 🌾 71.8%
Monk ×1
Feudal
10:31
Castle
—
Imperial
—
| APM avg | 21.4 |
| APM peak | 77 |
| eAPM avg | 8.1 |
| Villagers / military | 23 / 0 |
Focus
⚔️ 24.6% · 🌾 75.4%
Feudal
11:05
Castle
14:44
Imperial
—
| APM avg | 19.9 |
| APM peak | 33 |
| eAPM avg | 14.7 |
| Villagers / military | 38 / 39 |
Focus
⚔️ 41.6% · 🌾 58.4%
Samurai ×27 · Battering Ram ×10 · Petard ×2
Feudal
11:37
Castle
16:06
Imperial
—
| APM avg | 16.6 |
| APM peak | 50 |
| eAPM avg | 9.5 |
| Villagers / military | 40 / 0 |
Focus
⚔️ 18.8% · 🌾 81.2%
Feudal
10:57
Castle
14:57
Imperial
—
| APM avg | 36.1 |
| APM peak | 101 |
| eAPM avg | 16.3 |
| Villagers / military | 53 / 3 |
Focus
⚔️ 9.8% · 🌾 90.2%
Spearman ×3
Feudal
11:07
Castle
—
Imperial
—
| APM avg | 28.8 |
| APM peak | 82 |
| eAPM avg | 12.5 |
| Villagers / military | 56 / 0 |
Focus
⚔️ 14.3% · 🌾 85.7%
Match map
Initial resources + every placement click. Lines = walls · curves = elevation contours. ◆ gold · ⬟ stone · ● berries · ✦ relic · ◌ wall gap
Your base· ✓ Closed at 15:03 · 0t walls · 2 gate(s)
Plastic Morleys's base· ✓ Closed at 11:20 · 0t walls · 3 gate(s)
Farofa de Pentelho's base· ✓ Closed at 14:44 · 0t walls · 3 gate(s)
Phill Forest's base· ✓ Closed at 16:06 · 0t walls · 3 gate(s)
That1AsianGuy's base· ✓ Closed at 14:57 · 0t walls · 3 gate(s)
Felinha's base· ✓ Closed at 22:10 · 0t walls · 3 gate(s)
Smoothed initial terrain · ◌ = detected wall gap · hover for details
Inputs per minute
— QNA_Wadd - - Plastic Morleys
Build order — QNA_Wadd
83 actions detected in the replay
| 0:00 | Create | Villager (Male) |
| 0:01 | Create | Villager (Male) |
| 0:02 | Build | House |
| 0:03 | Build | House |
| 0:30 | Create | Villager (Male) |
| 0:31 | Create | Villager (Male) |
| 0:31 | Create | Villager (Male) |
| 1:22 | Create | Villager (Male) |
| 1:48 | Build | Lumber Camp |
| 2:01 | Create | Villager (Male) |
| 2:15 | Create | Villager (Male) |
| 3:03 | Create | Villager (Male) |
| 3:11 | Create | Villager (Male) |
| 3:11 | Create | Villager (Male) |
| 3:30 | Build | House |
| 3:46 | Create | Villager (Male) |
| 4:23 | Create | Villager (Male) |
| 4:25 | Create | Villager (Male) |
| 4:36 | Create | Villager (Male) |
| 5:10 | Create | Villager (Male) |
| 5:10 | Create | Villager (Male) |
| 5:16 | Build | House |
| 5:43 | Create | Villager (Male) |
| 5:43 | Create | Villager (Male) |
| 5:49 | Build | Mill |
| 6:05 | Create | Villager (Male) |
| 6:05 | Create | Villager (Male) |
| 6:17 | Create | Villager (Male) |
| 6:17 | Create | Villager (Male) |
| 8:40 | Research | Feudal Age |
| 8:44 | Build | House |
| 9:15 | Build | Mining Camp |
| 9:53 | Create | Villager (Male) |
| 9:53 | Create | Villager (Male) |
| 11:08 | Age | Feudal Age |
| 11:09 | Create | Villager (Male) |
| 11:10 | Create | Villager (Male) |
| 11:13 | Build | Market |
| 11:23 | Build | Blacksmith |
| 12:23 | Research | Castle Age |
| 12:46 | Build | House |
| 13:34 | Build | Farm |
| 13:36 | Build | Farm |
| 13:38 | Build | Farm |
| 13:40 | Build | Farm |
| 14:03 | Build | Farm |
| 14:10 | Build | Farm |
| 14:13 | Build | Farm |
| 14:16 | Build | Farm |
| 14:38 | Create | Villager (Male) |
| 14:39 | Create | Villager (Male) |
| 15:03 | Age | Castle Age |
| 15:27 | Build | Monastery |
| 15:36 | Build | Siege Workshop |
| 15:39 | Create | Villager (Male) |
| 16:02 | Build | Farm |
| 16:09 | Research | Double-Bit Axe |
| 16:21 | Build | Farm |
| 16:24 | Build | Farm |
| 16:26 | Create | Villager (Male) |
| 16:31 | Build | Farm |
| 16:37 | Build | Farm |
| 16:39 | Build | Farm |
| 16:45 | Create | Villager (Male) |
| 16:48 | Create | Monk |
| 16:55 | Create | Villager (Male) |
| 17:21 | Build | House |
| 17:26 | Build | Farm |
| 18:11 | Create | Villager (Male) |
| 18:21 | Create | Villager (Male) |
| 18:34 | Build | Farm |
| 19:00 | Research | Loom |
| 19:28 | Build | Barracks |
| 19:31 | Research | Imperial Age |
| 19:47 | Research | Padded Archer Armor |
| 20:27 | Build | Archery Range |
| 20:29 | Build | Archery Range |
| 21:14 | Build | Stone Wall |
| 21:20 | Build | Stone Wall |
| 21:29 | Build | University |
| 22:01 | Build | House |
| 22:04 | Build | House |
| 22:07 | Build | Stone Wall |
Build order — Plastic Morleys
41 actions detected in the replay
| 0:00 | Create | Villager (Male) ×4 |
| 0:02 | Build | House |
| 0:03 | Build | House |
| 1:19 | Create | Villager (Male) |
| 1:44 | Create | Villager (Male) |
| 1:44 | Create | Villager (Male) |
| 1:47 | Build | Lumber Camp |
| 2:10 | Create | Villager (Male) |
| 2:11 | Create | Villager (Male) |
| 2:58 | Create | Villager (Male) |
| 2:58 | Create | Villager (Male) |
| 3:43 | Create | Villager (Male) |
| 3:43 | Create | Villager (Male) |
| 3:59 | Build | House |
| 4:13 | Create | Villager (Male) |
| 4:27 | Create | Villager (Male) |
| 4:27 | Create | Villager (Male) |
| 4:45 | Build | Mill |
| 4:56 | Create | Villager (Male) |
| 4:57 | Create | Villager (Male) |
| 4:57 | Create | Villager (Male) |
| 5:19 | Build | House |
| 5:20 | Build | House |
| 5:22 | Create | Villager (Male) |
| 5:48 | Build | House |
| 5:59 | Build | Farm |
| 6:01 | Build | Farm |
| 7:33 | Research | Feudal Age |
| 7:36 | Create | Villager (Male) |
| 7:38 | Build | Mining Camp |
| 7:40 | Research | Feudal Age |
| 9:51 | Create | Villager (Male) |
| 9:51 | Create | Villager (Male) |
| 10:31 | Age | Feudal Age |
| 10:34 | Build | Market |
| 10:35 | Build | Blacksmith |
| 10:58 | Research | Double-Bit Axe |
| 11:20 | Research | Castle Age |
| 11:24 | Research | Horse Collar |
| 11:28 | Build | Farm |
| 11:40 | Build | Farm |
Build order — Farofa de Pentelho
128 actions detected in the replay
| 0:01 | Create | Villager (Male) |
| 0:02 | Create | Villager (Male) |
| 0:03 | Build | House |
| 0:04 | Build | House |
| 0:14 | Create | Villager (Male) |
| 0:15 | Create | Villager (Male) |
| 0:15 | Create | Villager (Male) |
| 1:10 | Create | Villager (Male) |
| 1:47 | Build | Lumber Camp |
| 2:11 | Create | Villager (Male) |
| 2:11 | Create | Villager (Male) |
| 2:48 | Create | Villager (Male) |
| 2:55 | Build | House |
| 2:59 | Create | Villager (Male) |
| 3:30 | Create | Villager (Male) |
| 3:51 | Build | Mining Camp |
| 3:56 | Create | Villager (Male) |
| 4:22 | Create | Villager (Male) |
| 4:47 | Create | Villager (Male) |
| 5:02 | Create | Villager (Male) |
| 5:20 | Build | House |
| 5:45 | Build | Mill |
| 6:00 | Create | Villager (Male) |
| 6:00 | Create | Villager (Male) |
| 6:28 | Create | Villager (Male) |
| 6:28 | Create | Villager (Male) |
| 6:29 | Create | Villager (Male) |
| 6:29 | Create | Villager (Male) |
| 6:58 | Build | Farm |
| 7:33 | Create | Villager (Male) |
| 7:45 | Build | Farm |
| 7:48 | Build | Farm |
| 8:16 | Build | House |
| 8:20 | Create | Villager (Male) |
| 8:50 | Build | Mining Camp |
| 8:54 | Research | Feudal Age |
| 9:41 | Build | House |
| 10:32 | Create | Villager (Male) |
| 10:32 | Create | Villager (Male) |
| 11:05 | Age | Feudal Age |
| 11:08 | Build | Market |
| 11:11 | Build | Blacksmith |
| 12:04 | Research | Castle Age |
| 12:42 | Research | Double-Bit Axe |
| 13:44 | Research | Horse Collar |
| 13:45 | Research | Gold Mining |
| 14:24 | Build | Lumber Camp |
| 14:27 | Create | Villager (Male) |
| 14:42 | Create | Villager (Male) |
| 14:44 | Age | Castle Age |
| 14:45 | Build | Castle |
| 14:47 | Create | Villager (Male) |
| 15:18 | Create | Villager (Male) |
| 15:22 | Build | Siege Workshop |
| 15:37 | Build | Mining Camp |
| 15:39 | Research | Forging |
| 15:39 | Research | Scale Mail Armor |
| 15:47 | Create | Villager (Male) |
| 15:52 | Build | Farm |
| 15:55 | Build | Farm |
| 15:56 | Create | Samurai |
| 15:56 | Create | Samurai |
| 15:56 | Create | Samurai |
| 15:56 | Create | Samurai |
| 16:02 | Create | Battering Ram |
| 16:03 | Create | Samurai |
| 16:03 | Create | Samurai |
| 16:03 | Create | Samurai |
| 16:08 | Create | Samurai |
| 16:22 | Create | Samurai |
| 16:30 | Create | Battering Ram |
| 16:40 | Create | Samurai |
| 16:40 | Create | Samurai |
| 16:48 | Create | Villager (Male) |
| 17:00 | Create | Samurai |
| 17:21 | Create | Samurai |
| 17:30 | Create | Villager (Male) |
| 17:41 | Create | Battering Ram |
| 17:48 | Create | Petard |
| 17:51 | Create | Petard |
| 17:59 | Create | Battering Ram |
| 18:02 | Create | Samurai |
| 18:05 | Create | Villager (Male) |
| 18:08 | Build | Farm |
| 18:08 | Build | Farm |
| 18:34 | Build | Barracks |
| 18:41 | Research | Chain Mail Armor |
| 18:43 | Research | Iron Casting |
| 18:47 | Build | House |
| 18:48 | Build | House |
| 18:48 | Build | House |
| 18:48 | Build | House |
| 18:48 | Build | House |
| 18:49 | Build | House |
| 18:49 | Build | House |
| 18:58 | Build | Farm |
| 19:06 | Create | Samurai |
| 19:11 | Research | Squires |
| 19:12 | Research | Arson |
| 19:29 | Create | Battering Ram |
| 19:35 | Create | Samurai |
| 19:35 | Create | Samurai |
| 19:38 | Create | Villager (Male) |
| 19:38 | Create | Villager (Male) |
| 19:45 | Build | Farm |
| 19:48 | Build | House |
| 19:49 | Build | House |
| 19:49 | Build | House |
| 19:50 | Build | House |
| 20:12 | Create | Villager (Male) |
| 20:24 | Research | Wheelbarrow |
| 20:54 | Create | Battering Ram |
| 20:55 | Create | Samurai |
| 20:55 | Create | Samurai |
| 20:55 | Create | Samurai |
| 21:11 | Create | Battering Ram |
| 21:12 | Create | Samurai |
| 21:13 | Create | Samurai |
| 21:23 | Create | Villager (Male) |
| 21:25 | Create | Villager (Male) |
| 21:35 | Create | Battering Ram |
| 21:37 | Create | Samurai |
| 21:37 | Create | Samurai |
| 22:00 | Create | Battering Ram |
| 22:01 | Create | Samurai |
| 22:01 | Create | Samurai |
| 22:01 | Create | Samurai |
| 22:25 | Create | Battering Ram |
Build order — Phill Forest
81 actions detected in the replay
| 0:02 | Create | Villager (Male) ×4 |
| 0:04 | Build | House |
| 0:09 | Build | House |
| 1:44 | Create | Villager (Male) |
| 2:00 | Build | Lumber Camp |
| 2:34 | Create | Villager (Male) |
| 2:34 | Create | Villager (Male) |
| 2:34 | Create | Villager (Male) |
| 3:17 | Create | Villager (Male) |
| 3:50 | Create | Villager (Male) |
| 3:50 | Create | Villager (Male) |
| 4:14 | Create | Villager (Male) |
| 4:19 | Build | House |
| 4:20 | Build | House |
| 4:44 | Create | Villager (Male) |
| 4:44 | Create | Villager (Male) |
| 5:07 | Build | House |
| 5:14 | Build | Mill |
| 5:21 | Create | Villager (Male) |
| 5:22 | Create | Villager (Male) |
| 6:31 | Create | Villager (Male) |
| 6:32 | Create | Villager (Male) |
| 6:32 | Create | Villager (Male) |
| 6:32 | Create | Villager (Male) |
| 8:12 | Create | Villager (Male) |
| 8:14 | Create | Villager (Male) |
| 8:49 | Build | Mining Camp |
| 8:52 | Create | Villager (Male) |
| 8:58 | Research | Feudal Age |
| 10:15 | Create | Villager (Male) |
| 10:18 | Create | Villager (Male) |
| 11:37 | Age | Feudal Age |
| 12:19 | Build | Market |
| 12:23 | Build | Blacksmith |
| 12:33 | Build | Mining Camp |
| 12:38 | Create | Villager (Male) |
| 12:39 | Create | Villager (Male) |
| 12:42 | Research | Loom |
| 13:19 | Research | Castle Age |
| 14:37 | Build | Barracks |
| 14:51 | Research | Loom |
| 14:51 | Create | Villager (Male) |
| 14:52 | Create | Villager (Male) |
| 15:35 | Build | Archery Range |
| 15:37 | Build | Archery Range |
| 16:06 | Age | Castle Age |
| 16:14 | Build | Castle |
| 16:21 | Build | Mill |
| 16:29 | Build | House |
| 16:31 | Build | House |
| 16:33 | Build | House |
| 16:34 | Build | House |
| 16:35 | Build | House |
| 16:58 | Build | Farm |
| 17:01 | Build | Farm |
| 17:02 | Build | Farm |
| 17:04 | Build | Farm |
| 17:10 | Build | Farm |
| 17:19 | Build | Farm |
| 17:38 | Create | Villager (Male) |
| 18:10 | Build | Farm |
| 18:14 | Create | Villager (Male) |
| 18:49 | Build | University |
| 18:58 | Build | Monastery |
| 19:03 | Create | Villager (Male) |
| 19:03 | Create | Villager (Male) |
| 19:04 | Create | Villager (Male) |
| 19:28 | Build | House |
| 19:29 | Build | House |
| 19:53 | Research | Chemistry |
| 20:01 | Create | Villager (Male) |
| 20:02 | Create | Villager (Male) |
| 20:37 | Build | Archery Range |
| 20:42 | Research | Wheelbarrow |
| 20:48 | Create | Villager (Male) |
| 22:14 | Research | Masonry |
| 22:16 | Research | Treadmill Crane |
| 22:27 | Research | Masonry |
| 22:31 | Create | Villager (Male) |
| 22:32 | Create | Villager (Male) |
| 22:32 | Create | Villager (Male) |
Build order — That1AsianGuy
89 actions detected in the replay
| 0:02 | Create | Villager (Male) |
| 0:03 | Build | House |
| 0:05 | Build | House |
| 0:05 | Create | Villager (Male) |
| 0:05 | Create | Villager (Male) |
| 0:05 | Create | Villager (Male) |
| 0:06 | Create | Villager (Male) |
| 1:28 | Create | Villager (Male) |
| 1:28 | Create | Villager (Male) |
| 1:50 | Build | Lumber Camp |
| 1:57 | Create | Villager (Male) |
| 1:58 | Create | Villager (Male) |
| 2:21 | Create | Villager (Male) |
| 2:21 | Create | Villager (Male) |
| 2:50 | Create | Villager (Male) |
| 2:50 | Create | Villager (Male) |
| 3:09 | Create | Villager (Male) |
| 3:09 | Create | Villager (Male) |
| 3:39 | Create | Villager (Male) |
| 3:39 | Create | Villager (Male) |
| 4:01 | Build | House |
| 4:02 | Build | House |
| 4:09 | Create | Villager (Male) |
| 4:10 | Create | Villager (Male) |
| 4:28 | Create | Villager (Male) |
| 4:28 | Create | Villager (Male) |
| 4:50 | Create | Villager (Male) |
| 4:50 | Create | Villager (Male) |
| 4:50 | Create | Villager (Male) |
| 5:13 | Create | Villager (Male) |
| 5:14 | Create | Villager (Male) |
| 5:56 | Build | Mill |
| 6:10 | Create | Villager (Male) |
| 6:11 | Create | Villager (Male) |
| 6:11 | Create | Villager (Male) |
| 6:11 | Create | Villager (Male) |
| 6:51 | Create | Villager (Male) |
| 6:51 | Create | Villager (Male) |
| 6:51 | Create | Villager (Male) |
| 6:52 | Create | Villager (Male) |
| 6:52 | Create | Villager (Male) |
| 6:52 | Create | Villager (Male) |
| 6:53 | Create | Villager (Male) |
| 8:01 | Research | Feudal Age |
| 8:25 | Build | Mining Camp |
| 8:50 | Build | Barracks |
| 8:52 | Build | House |
| 9:02 | Create | Villager (Male) |
| 9:03 | Create | Villager (Male) |
| 9:06 | Research | Loom |
| 9:06 | Create | Villager (Male) |
| 9:06 | Create | Villager (Male) |
| 10:44 | Build | Farm |
| 10:57 | Age | Feudal Age |
| 11:01 | Build | Market |
| 11:10 | Build | Blacksmith |
| 11:53 | Build | House |
| 12:04 | Build | Mining Camp |
| 12:17 | Research | Castle Age |
| 12:37 | Research | Stone Mining |
| 12:45 | Research | Double-Bit Axe |
| 13:07 | Create | Villager (Male) |
| 13:08 | Create | Villager (Male) |
| 13:48 | Build | Farm |
| 13:56 | Build | Farm |
| 14:00 | Build | Farm |
| 14:13 | Build | Farm |
| 14:52 | Create | Spearman |
| 14:52 | Create | Spearman |
| 14:53 | Create | Villager (Male) |
| 14:53 | Create | Villager (Male) |
| 14:57 | Age | Castle Age |
| 15:12 | Create | Villager (Male) |
| 15:12 | Create | Villager (Male) |
| 15:20 | Research | Bow Saw |
| 15:25 | Create | Villager (Male) |
| 15:25 | Create | Villager (Male) |
| 15:26 | Create | Villager (Male) |
| 15:59 | Build | Castle |
| 16:05 | Create | Villager (Male) |
| 16:05 | Create | Villager (Male) |
| 16:11 | Create | Spearman |
| 16:17 | Build | House |
| 16:18 | Build | House |
| 16:22 | Build | House |
| 16:23 | Build | House |
| 16:31 | Build | Farm |
| 16:33 | Build | Farm |
| 16:36 | Create | Villager (Male) |
Build order — Felinha
111 actions detected in the replay
| 0:01 | Create | Villager (Male) |
| 0:03 | Build | House |
| 0:05 | Build | House |
| 0:27 | Create | Villager (Male) |
| 0:28 | Create | Villager (Male) |
| 0:28 | Create | Villager (Male) |
| 1:34 | Create | Villager (Male) |
| 1:34 | Create | Villager (Male) |
| 2:02 | Build | Lumber Camp |
| 2:06 | Research | Loom |
| 2:06 | Create | Villager (Male) |
| 2:07 | Create | Villager (Male) |
| 2:43 | Create | Villager (Male) |
| 3:31 | Create | Villager (Male) |
| 3:31 | Create | Villager (Male) |
| 3:31 | Create | Villager (Male) |
| 3:47 | Build | House |
| 4:00 | Create | Villager (Male) |
| 4:24 | Create | Villager (Male) |
| 5:05 | Create | Villager (Male) |
| 5:05 | Create | Villager (Male) |
| 5:05 | Create | Villager (Male) |
| 5:08 | Build | Mill |
| 5:16 | Build | Mill |
| 5:21 | Create | Villager (Male) |
| 5:46 | Create | Villager (Male) |
| 6:31 | Build | House |
| 6:45 | Create | Villager (Male) |
| 6:46 | Create | Villager (Male) |
| 7:09 | Create | Villager (Male) |
| 7:26 | Create | Villager (Male) |
| 7:38 | Create | Villager (Male) |
| 8:11 | Create | Villager (Male) |
| 8:12 | Create | Villager (Male) |
| 8:21 | Build | House |
| 8:23 | Build | House |
| 8:38 | Build | Mining Camp |
| 8:45 | Research | Feudal Age |
| 8:57 | Build | Lumber Camp |
| 9:49 | Build | Farm |
| 9:52 | Build | Farm |
| 9:54 | Build | Farm |
| 10:18 | Create | Villager (Male) |
| 10:18 | Create | Villager (Male) |
| 10:18 | Create | Villager (Male) |
| 10:20 | Create | Villager (Male) |
| 10:37 | Build | Farm |
| 11:07 | Age | Feudal Age |
| 11:10 | Build | Market |
| 11:12 | Build | House |
| 11:54 | Create | Villager (Male) |
| 12:25 | Build | Farm |
| 12:33 | Research | Double-Bit Axe |
| 12:35 | Research | Horse Collar |
| 12:39 | Build | Farm |
| 12:59 | Create | Villager (Male) |
| 13:04 | Build | Farm |
| 13:09 | Build | Farm |
| 13:16 | Create | Villager (Male) |
| 13:25 | Build | Gate |
| 13:33 | Build | House |
| 13:34 | Build | House |
| 13:35 | Build | House |
| 13:38 | Build | House |
| 13:40 | Create | Villager (Male) |
| 13:41 | Create | Villager (Male) |
| 13:42 | Create | Villager (Male) |
| 13:48 | Create | Villager (Male) |
| 14:01 | Create | Villager (Male) |
| 14:05 | Build | Farm |
| 14:09 | Build | Farm |
| 14:15 | Create | Villager (Male) |
| 14:30 | Build | Farm |
| 14:37 | Build | Farm |
| 14:56 | Build | Farm |
| 15:06 | Create | Villager (Male) |
| 15:23 | Build | Farm |
| 15:32 | Create | Villager (Male) |
| 15:35 | Create | Villager (Male) |
| 15:45 | Build | Farm |
| 15:49 | Build | Farm |
| 16:05 | Create | Villager (Male) |
| 16:11 | Build | Farm |
| 16:15 | Build | Farm |
| 16:16 | Build | Farm |
| 16:25 | Create | Villager (Male) |
| 16:45 | Build | Mining Camp |
| 16:56 | Create | Villager (Male) |
| 17:02 | Build | Farm |
| 17:35 | Create | Villager (Male) |
| 17:42 | Build | Farm |
| 17:45 | Build | Farm |
| 17:52 | Create | Villager (Male) |
| 17:55 | Build | Farm |
| 18:36 | Create | Villager (Male) |
| 18:41 | Build | Farm |
| 18:43 | Build | Farm |
| 18:49 | Build | Farm |
| 18:50 | Build | Farm |
| 18:53 | Create | Villager (Male) |
| 18:53 | Create | Villager (Male) |
| 19:21 | Build | Farm |
| 19:26 | Create | Villager (Male) |
| 20:27 | Create | Villager (Male) |
| 20:27 | Create | Villager (Male) |
| 20:57 | Build | Farm |
| 21:04 | Create | Villager (Male) |
| 21:25 | Build | Mining Camp |
| 21:39 | Create | Villager (Male) |
| 22:08 | Create | Villager (Male) |
| 22:10 | Research | Castle Age |
Match timeline
| 8:50 | That1AsianGuy · first_building Barracks |
| 10:31 | Plastic Morleys · age_up feudal |
| 10:57 | That1AsianGuy · age_up feudal |
| 11:05 | Farofa de Pentelho · age_up feudal |
| 11:07 | Felinha · age_up feudal |
| 11:08 | QNA_Wadd · age_up feudal |
| 11:37 | Phill Forest · age_up feudal |
| 12:15 | QNA_Wadd · first_market_sell 100 wood |
| 12:15 | That1AsianGuy · first_market_sell 100 wood |
| 12:16 | QNA_Wadd · first_market_buy 100 food |
| 12:16 | That1AsianGuy · first_market_buy 100 food |
| 12:45 | Plastic Morleys · resign |
| 13:32 | Felinha · tribute_sent a jugador 1 |
| 13:32 | Felinha · tribute_sent a jugador 2 |
| 13:32 | Felinha · tribute_sent a jugador 3 |
| 13:32 | Felinha · tribute_sent a jugador 4 |
| 13:32 | Felinha · tribute_sent a jugador 5 |
| 13:52 | Felinha · tribute_sent a jugador 1 |
| 13:52 | Felinha · tribute_sent a jugador 2 |
| 13:52 | Felinha · tribute_sent a jugador 3 |
| 13:52 | Felinha · tribute_sent a jugador 4 |
| 13:52 | Felinha · tribute_sent a jugador 5 |
| 14:37 | Phill Forest · first_building Barracks |
| 14:44 | Farofa de Pentelho · age_up castle |
| 14:45 | Farofa de Pentelho · first_building Castle |
| 14:49 | Felinha · tribute_sent a jugador 1 |
| 14:49 | Felinha · tribute_sent a jugador 2 |
| 14:49 | Felinha · tribute_sent a jugador 3 |
| 14:49 | Felinha · tribute_sent a jugador 4 |
| 14:49 | Felinha · tribute_sent a jugador 5 |
| 14:57 | That1AsianGuy · age_up castle |
| 15:03 | QNA_Wadd · age_up castle |
| 15:17 | Felinha · tribute_sent a jugador 1 |
| 15:17 | Felinha · tribute_sent a jugador 2 |
| 15:17 | Felinha · tribute_sent a jugador 3 |
| 15:17 | Felinha · tribute_sent a jugador 4 |
| 15:17 | Felinha · tribute_sent a jugador 5 |
| 15:22 | Farofa de Pentelho · first_building Siege Workshop |
| 15:27 | QNA_Wadd · first_building Monastery |
| 15:35 | Phill Forest · first_building Archery Range |
| 15:36 | QNA_Wadd · first_building Siege Workshop |
| 15:58 | Felinha · tribute_sent a jugador 1 |
| 15:58 | Felinha · tribute_sent a jugador 2 |
| 15:58 | Felinha · tribute_sent a jugador 3 |
| 15:58 | Felinha · tribute_sent a jugador 4 |
| 15:58 | Felinha · tribute_sent a jugador 5 |
| 15:59 | That1AsianGuy · first_building Castle |
| 16:01 | Farofa de Pentelho · first_market_buy 100 wood |
| 16:06 | Phill Forest · age_up castle |
| 16:14 | Phill Forest · first_building Castle |
| 16:40 | Felinha · tribute_sent a jugador 1 |
| 16:40 | Felinha · tribute_sent a jugador 2 |
| 16:40 | Felinha · tribute_sent a jugador 3 |
| 16:40 | Felinha · tribute_sent a jugador 4 |
| 16:40 | Felinha · tribute_sent a jugador 5 |
| 17:32 | Felinha · tribute_sent a jugador 1 |
| 17:32 | Felinha · tribute_sent a jugador 2 |
| 17:32 | Felinha · tribute_sent a jugador 3 |
| 17:32 | Felinha · tribute_sent a jugador 4 |
| 17:32 | Felinha · tribute_sent a jugador 5 |
| 18:16 | Felinha · tribute_sent a jugador 1 |
| 18:16 | Felinha · tribute_sent a jugador 2 |
| 18:16 | Felinha · tribute_sent a jugador 3 |
| 18:16 | Felinha · tribute_sent a jugador 4 |
| 18:16 | Felinha · tribute_sent a jugador 5 |
| 18:34 | Farofa de Pentelho · first_building Barracks |
| 18:45 | Phill Forest · first_market_buy 100 wood |
| 18:58 | Phill Forest · first_building Monastery |
| 19:04 | Felinha · tribute_sent a jugador 1 |
| 19:04 | Felinha · tribute_sent a jugador 2 |
| 19:04 | Felinha · tribute_sent a jugador 3 |
| 19:04 | Felinha · tribute_sent a jugador 4 |
| 19:04 | Felinha · tribute_sent a jugador 5 |
| 19:28 | QNA_Wadd · first_building Barracks |
| 19:32 | Felinha · tribute_sent a jugador 1 |
| 19:32 | Felinha · tribute_sent a jugador 2 |
| 19:32 | Felinha · tribute_sent a jugador 3 |
| 19:32 | Felinha · tribute_sent a jugador 4 |
| 19:32 | Felinha · tribute_sent a jugador 5 |
| 20:00 | Felinha · tribute_sent a jugador 1 |
| 20:00 | Felinha · tribute_sent a jugador 2 |
| 20:00 | Felinha · tribute_sent a jugador 3 |
| 20:00 | Felinha · tribute_sent a jugador 4 |
| 20:00 | Felinha · tribute_sent a jugador 5 |
| 20:27 | QNA_Wadd · first_building Archery Range |
| 20:33 | Felinha · tribute_sent a jugador 1 |
| 20:33 | Felinha · tribute_sent a jugador 2 |
| 20:33 | Felinha · tribute_sent a jugador 3 |
| 20:33 | Felinha · tribute_sent a jugador 4 |
| 20:33 | Felinha · tribute_sent a jugador 5 |
| 21:14 | QNA_Wadd · wall_segment Stone Wall x10 |
| 21:20 | QNA_Wadd · wall_segment Stone Wall x12 |
| 22:07 | QNA_Wadd · wall_segment Stone Wall x1 |
[ AI ANALYSIS · 1 CREDIT ]
What really happened in this match?
Wolo.gg analyzes every decision: build order, eco, micro, common mistakes by bracket. Personalized analysis on WhatsApp or Discord in 30 seconds.
Civ guide
Turks
Map guide
Arena
Perfil
Jugador #284192